 Dungeon Crawl Stone Soup version 0.23-a0-577-g2b1de94 (webtiles) character file.

22 Lanoc the Ruffian (level 2, -4/26 HPs)
             Began as a Ghoul Chaos Knight on Dec 15, 2018.
             Was a Plaything of Xom.
             Slain by a gnoll
             ... wielding a +0 spear
              (8 damage)
             ... on level 2 of the Dungeon.
             The game lasted 00:01:02 (236 turns).

Lanoc the Ruffian (Ghoul Chaos Knight)               Turns: 236, Time: 00:01:03

Health: -4/26      AC:  5    Str: 15    XL:     2   Next: 91%
Magic:  1/1        EV: 16    Int: 12    God:    Xom [..*...]
Gold:   25         SH:  0    Dex: 13    Spells: 1/1 levels left

rFire    . . .     SeeInvis .     - Unarmed
rCold    + . .     Gourm    .   (no shield)
rNeg     + + +     Faith    .   a - +2 leather armour
rPois    ∞         Spirit   .   (no helmet)
rElec    .         Reflect  .   (no cloak)
rCorr    .         Harm     .   (no gloves)
MR       .....                  (no boots)
Stlth    ++........             c - amulet of magic regeneration
HPRegen  0.00/turn              (no ring)
MPRegen  0.32/turn              (no ring)

@: brilliant, agile, rotting
A: rotting body, claws 1, carnivore, cold resistance 1, negative energy
resistance 3, inhibited regeneration, torment resistance, unbreathing
a: Renounce Religion


You were on level 2 of the Dungeon.
You worshipped Xom.
You were a toy of Xom.
You were not hungry.

You visited 1 branch of the dungeon, and saw 2 of its levels.

You collected 25 gold pieces.

Inventory:

Armour
 a - a +2 leather armour (worn)
Jewellery
 c - an amulet of magic regeneration (around neck)
Comestibles
 b - a ration


   Skills:
 + Level 3.5 Fighting
 + Level 2.0 Armour
 + Level 1.3 Dodging
 * Level 3.8 Unarmed Combat


You had one spell level left.
You didn't know any spells.
Your spell library was empty.

Dungeon Overview and Level Annotations

Branches:
Dungeon (2/15)

Altars:


Innate Abilities, Weirdness & Mutations

Your body is rotting away.
You thrive on raw meat.
You are immune to poison.
You have sharp fingernails.
You are carnivorous and can eat meat at any time.
Your flesh is cold resistant. (rC+)
You are immune to negative energy. (rN+++)
You do not regenerate when monsters are visible.
You are immune to unholy pain and torment.
You can survive without breathing.


Message History

The giant cockroach bites you but does no damage.
The gnoll hits you from afar with a +0 spear!
A shower of butterflies erupts from you!
The rat barely misses you.
You closely miss the gnoll.
The gnoll is moderately wounded. "Go forth and destroy!"
You feel agile all of a sudden. The giant cockroach barely misses you.
The gnoll completely misses you. The rat misses you.
The gnoll hits you from afar with a +0 spear.
* * * LOW HITPOINT WARNING * * *
You scratch the gnoll. You claw the gnoll.
The gnoll is severely wounded.
The giant cockroach bites you.
* * * LOW HITPOINT WARNING * * *
The gnoll misses you.
The gnoll hits you from afar with a +0 spear!
You die...
Xom is highly amused!

## # ##..#
####### .#
#.....##.....#.#
.......<.......##
.....b......b..<.
.........@gg.....
........s)r....##
.................
.....b...........
...............#.
...........K..##
.....##.......
#### ##......#


You could see 2 gnolls, a giant cockroach, a kobold and a rat.

Vanquished Creatures
  A gnoll (D:2)
  An ooze (D:1)
  A dart slug (D:1)
  A bat (D:1)
  A ball python (D:1)
  A frilled lizard (D:1)
  A kobold (D:1)
  A rat (D:1)
8 creatures vanquished.

Notes
Turn   | Place    | Note
-------+----------+-------------------------------------------
     0 | D:1      | Lanoc the Ghoul Chaos Knight began the quest for the Orb.
     0 | D:1      | Reached XP level 1. HP: 19/19 MP: 0/0
    53 | D:1      | Reached skill level 1 in Dodging
   139 | D:1      | Reached XP level 2. HP: 21/26 MP: 1/1
   165 | D:1      | XOM: harmless Necr miscast
   173 | D:1      | XOM: harmless Necr miscast
   227 | D:2      | XOM: potion effect (brilliance)
   233 | D:2      | XOM: potion effect (heal wounds)
   234 | D:2      | XOM: butterfly on damage
   235 | D:2      | XOM: potion effect (agility)
   236 | D:2      | Slain by a gnoll

Vault maps used:
D:1:      minmay_arrival_plants_in_alcoves
D:2:      old_standard_altar

Skill      XL: |  1 |
---------------+----+-----
Dodging        | 1 |  1.3
Armour         | 2 |  2.0
Fighting       | |  3.5
Unarmed Combat | |  3.8

Action                   || total
-------------------------++-------
Melee: Unarmed           ||    45
       Punch             ||     2
  Eat: Chunk             ||     2
Armor: Leather armour    ||    26
Dodge: Dodged            ||    39

Table legend:
 A = Non-vault XP
 B = Vault XP
 C = Vault XP percentage of total XP
 D = Non-vault monster count
 E = Vault monster count
 F = Vault count percentage of total count
                 A         B        C        D         E       F
            +---------+---------+-------+---------+---------+-------
      Total |      32 |       0 |   0.0 |       8 |       0 |   0.0
            +---------+---------+-------+---------+---------+-------
        D:1 |      18 |       0 |   0.0 |       7 |       0 |   0.0
        D:2 |      14 |       0 |   0.0 |       1 |       0 |   0.0
            +---------+---------+-------+---------+---------+-------
